 Dungeon Crawl Stone Soup version 0.28-a0-794-gafe8c5f9e9 (webtiles) character file.

Game seed: 9176305228120146324

14 kae the Caller (level 2, -2/16 HPs)
             Began as a Tengu Summoner on Nov 5, 2021.
             Frozen to death by an endoplasm (5 damage)
             ... on level 1 of the Dungeon.
             The game lasted 00:00:25 (1161 turns).

kae the Caller (Tengu Summoner)                     Turns: 1161, Time: 00:00:26

Health: -2/16      AC:  2    Str:  8    XL:     2   Next: 45%
Magic:  5/6        EV: 12    Int: 15    God:
Gold:   8          SH:  0    Dex: 14    Spells: 4/5 levels left

rFire   . . .      SeeInvis .   (no weapon)
rCold   . . .      Faith    .   (no shield)
rNeg    . . .      Spirit   .   a - +0 robe
rPois   .          Reflect  .   (helmet restricted)
rElec   .          Harm     .   (no cloak)
rCorr   .          Rampage  .   (no gloves)
Will    .....                   (boots unavailable)
Stlth   ++........              (no amulet)
HPRegen 0.05/turn               (no ring)
MPRegen 0.10/turn               (no ring)

@: no status effects
A: beak, talons 3
a: no special abilities


You were on level 1 of the Dungeon.
You visited 1 branch of the dungeon, and saw 1 of its levels.

You collected 8 gold pieces.

Inventory:

Armour
 a - a +0 robe (worn)
Scrolls
 b - a scroll of fear {unknown}
 c - a scroll of noise {unknown}


   Skills:
 + Level 0.6 Fighting
 + Level 2.4 Dodging
 - Level 2.0 Stealth
 + Level 2.1 Spellcasting
 * Level 5.1 Summonings


You had 4 spell levels left.
You knew the following spells:

 Your Spells              Type           Power      Damage    Failure   Level
a - Summon Small Mammal   Summ           68%        N/A       2%          1

Your spell library contained the following spells:

 Spells                   Type           Power      Damage    Failure   Level
 Call Imp                 Summ           17%        N/A       4%          2
 Call Canine Familiar     Summ           17%        N/A       8%          3
 Summon Guardian Golem    Hex/Summ       9%         N/A       22%         3
 Summon Lightning Spire   Summ/Air       9%         N/A       58%         4


Dungeon Overview and Level Annotations

Branches:
Dungeon (1/15)

Altars:

Shops:
D:1 [


Innate Abilities, Weirdness & Mutations

You have a beak for a mouth.
You have claws for feet.


Message History

Confirm with . or Enter, or press ? or * to list all spells.
The endoplasm barely misses you. The endoplasm misses you.
The endoplasm barely misses you. The endoplasm completely misses you.
There are monsters nearby!
You hit the endoplasm but do no damage.
The endoplasm is lightly wounded.
The endoplasm freezes you.
You are frozen.
The endoplasm hits you.
You hit the endoplasm.
The endoplasm is heavily wounded.
The endoplasm misses you. The endoplasm hits you.
There are monsters nearby!
You hit the endoplasm but do no damage. You peck the endoplasm.
The endoplasm is heavily wounded.
The endoplasm hits you. The endoplasm barely misses you.
You are too injured to fight recklessly!
There are monsters nearby!
You are too injured to fight recklessly!
You are too injured to fight recklessly!
There are monsters nearby!
You are too injured to fight recklessly!
You are too injured to fight recklessly!
You are too injured to fight recklessly!
You are too injured to fight recklessly!
You hit the endoplasm.
The endoplasm is severely wounded.
The endoplasm freezes you.
You are frozen.
The endoplasm freezes you.
You are frozen.
* * * LOW HITPOINT WARNING * * *
You hit the endoplasm but do no damage. You claw the endoplasm.
You kill the endoplasm!
The endoplasm hits you.
* * * LOW HITPOINT WARNING * * *
Your bat hits the endoplasm.
Your bat hits the endoplasm but does no damage.
The endoplasm freezes you.
You are frozen.
You die...

......# ...... .#
....# .# ...# .#
... .# #.# .#####
#.#####.##......
.......@b.# ..
#.##.##J#.# #.# ^.
...#.# #.# ..
..##.#.####.#####
#. ##
#.#..........####.
..####.#........#.
### #.#.###.##.#.
#.#.# #.##...
#.#.###.####.


You could see an endoplasm (ally target) and a friendly bat (summoned).

Vanquished Creatures
  A bat (D:1)
  An endoplasm (D:1)
  A goblin (D:1)
  A hobgoblin (D:1)
  2 jackals (D:1)
  A quokka (D:1)
  A frilled lizard (D:1)
  A rat (D:1)
9 creatures vanquished.

Vanquished Creatures (collateral kills)
  2 kobolds (D:1)
  A rat (D:1)
3 creatures vanquished.

Grand Total: 12 creatures vanquished

Notes
Turn   | Place    | Note
-------+----------+-------------------------------------------
     0 | D:1      | kae the Tengu Summoner began the quest for the Orb.
     0 | D:1      | Reached XP level 1. HP: 10/10 MP: 4/4
   510 | D:1      | Reached skill level 5 in Summonings
   659 | D:1      | Reached XP level 2. HP: 10/16 MP: 4/6
   857 | D:1      | Found Yczur's Armour Boutique.
  1161 | D:1      | Frozen to death by an endoplasm

Illustrated notes

Levels and vault maps discovered:
D:1:      dpeg_arrival_boxes_within_box, layout_loops_cross, serial_shops,
          nicolae_shop_waterfront, hangedman_feature_mirror

Skill      XL: |  1 |
---------------+----+-----
Summonings     | 5 |  5.1
Fighting       | |  0.6
Dodging        | |  2.4
Stealth        | |  2.0
Spellcasting   | |  2.1

Action                   || total
-------------------------++-------
Melee: Unarmed           ||    59
       Kick              ||     9
       Peck              ||     8
 Cast: Summon Small Mamm ||    11
 Stab: Distracted        ||     1
       Sleeping          ||     1
Armor: Robe              ||    10
Dodge: Dodged            ||    50

Table legend: (Time is in decaauts)
 A = Elapsed time spent in this place.
 B = Non-inter-level travel time spent in this place.
 C = Inter-level travel time spent in this place.
 D = Time resting spent in this place.
 E = Time spent auto-exploring this place.
 F = Levels seen in this place.
 G = Mean time per level.
                   A        B        C        D        E       F      G
               +--------+--------+--------+--------+--------+-----+--------+
         Total |   1161 |   1161 |      0 |      0 |   1028 |   1 | 1161.0 |
       Dungeon |   1161 |   1161 |      0 |      0 |   1028 |   1 | 1161.0 |
               +--------+--------+--------+--------+--------+-----+--------+

Top non-repeatable levels by time:
     D:1: 1161 daAuts
